 Dungeon Crawl Stone Soup version 0.19.5 (webtiles) character file.

86 tidbits the Shooter (level 4, -7/29 HPs)
             Began as a High Elf Wanderer on Oct 31, 2017.
             Was an Initiate of Okawaru.
             Killed by divine providence
             ... invoked by an orc priest
              (19 damage)
             ... on level 3 of the Dungeon.
             The game lasted 00:11:00 (1382 turns).

tidbits the Shooter (High Elf Wanderer)             Turns: 1382, Time: 00:11:00

Health: -7/29      AC:  5    Str: 13    XL:     4   Next: 27%
Magic:  5/5        EV: 10    Int: 14    God:    Okawaru [......]
Gold:   110        SH:  0    Dex: 15    Spells: 0 memorised, 3 levels left

rFire  . . .     SeeInvis .     a - +0 shortbow
rCold  . . .     Gourm    .     B - +0 ring mail
rNeg   . . .     Faith    .     (shield currently unavailable)
rPois  .         Spirit   .     (no helmet)
rElec  .         Reflect  .     (no cloak)
rCorr  .         Harm     +     (no gloves)
MR     .....                    (no boots)
Stlth  +.........               x - amulet of harm
                                (no ring)
                                (no ring)

@: no status effects
A: no striking features
a: Renounce Religion


You were on level 3 of the Dungeon.
You worshipped Okawaru.
Okawaru was noncommittal.
You were not hungry.

You visited 1 branch of the dungeon, and saw 4 of its levels.

You collected 110 gold pieces.

Inventory:

Hand Weapons
 a - a +0 shortbow (weapon)
 b - a +0 falchion
   (You took it off an orc on level 2 of the Dungeon)
 n - a +0 broad axe
   (You found it on level 2 of the Dungeon)
 o - a +0 hunting sling
   (You found it on level 2 of the Dungeon)
 r - a +0 short sword
   (You took it off a kobold on level 2 of the Dungeon)
Missiles
 d - 47 arrows (quivered)
 e - 29 sling bullets
 g - 95 stones
 m - 7 curare-tipped needles
 q - 33 bolts
Armour
 j - +0 gold dragon scales
   (You found it on level 1 of the Dungeon)
 s - a +0 large shield
   (You found it on level 3 of the Dungeon)
 B - a +0 ring mail (worn)
Jewellery
 x - an amulet of harm (around neck)
   (You found it on level 3 of the Dungeon)
Scrolls
 k - a scroll of teleportation {unknown}
 l - 3 scrolls of magic mapping
 p - 2 scrolls of enchant armour
 u - a scroll of blinking
 v - a scroll of fog
 w - 2 scrolls of enchant weapon {unknown}
 y - a scroll of noise {unknown}
Potions
 t - 2 potions of degeneration {unknown}
 z - a potion of flight {unknown}
 A - a potion of agility {unknown}
 C - a potion of lignification {unknown}
Miscellaneous
 f - a lamp of fire (inert)
Comestibles
 c - 3 bread rations
 h - 2 meat rations
 i - 4 fruits


   Skills:
 - Level 2.0 Fighting
 - Level 2.4 Long Blades
 + Level 5.0 Bows
 - Level 1.5 Armour
 - Level 1.1 Dodging
 - Level 1.1 Stealth
 - Level 1.0 Shields
 + Level 0.4 Invocations
 - Level 1.0 Evocations


You had 3 spell levels left.
You didn't know any spells.

Dungeon Overview and Level Annotations

Branches:
Dungeon (4/15)
 Temple: D:4-7

Altars:
Okawaru
Zin


Message History

Press: ? - help, Shift-Dir - straight line, f - orc priest
Aim: an orc priest, wielding a dagger and wearing a chain mail (hasn't noticed you)
You shoot an arrow. The orc priest shouts!
The arrow hits the orc priest.
The orc priest is moderately wounded.
Firing (i - inventory. (,) - cycle):
d - 60 arrows (quivered)
Press: ? - help, Shift-Dir - straight line, f/p - orc priest
Aim: an orc priest, wielding a dagger and wearing a chain mail (moderately wounded)
You shoot an arrow.
The arrow hits the orc priest but does no damage.
The orc priest is moderately wounded.
Firing (i - inventory. (,) - cycle):
d - 59 arrows (quivered)
Press: ? - help, Shift-Dir - straight line, f/p - orc priest
Aim: an orc priest, wielding a dagger and wearing a chain mail (moderately wounded)
You shoot an arrow.
The arrow hits the orc priest but does no damage.
The orc priest is moderately wounded.
Firing (i - inventory. (,) - cycle):
d - 58 arrows (quivered)
Press: ? - help, Shift-Dir - straight line, f/p - orc priest
Aim: an orc priest, wielding a dagger and wearing a chain mail (moderately wounded)
You shoot an arrow.
The arrow hits the orc priest but does no damage.
The orc priest is moderately wounded.
Firing (i - inventory. (,) - cycle):
d - 57 arrows (quivered)
Press: ? - help, Shift-Dir - straight line, f/p - orc priest
Aim: an orc priest, wielding a dagger and wearing a chain mail (moderately wounded)
You shoot an arrow.
The arrow hits the orc priest but does no damage.
The orc priest is moderately wounded.
Firing (i - inventory. (,) - cycle):
d - 56 arrows (quivered)
Press: ? - help, Shift-Dir - straight line, f/p - orc priest
Aim: an orc priest, wielding a dagger and wearing a chain mail (moderately wounded)
You shoot an arrow.
The arrow closely misses the orc priest.
The orc priest closely misses you.
Okay, then.
Evoke which item? (* to show all) (? for menu, Esc to quit)
Okay, then.
Firing (i - inventory. (,) - cycle):
d - 55 arrows (quivered)
Press: ? - help, Shift-Dir - straight line, f/p - orc priest
Aim: an orc priest, wielding a dagger and wearing a chain mail (moderately wounded)
You shoot an arrow.
The arrow hits the orc priest but does no damage.
The orc priest is moderately wounded.
The orc priest hits you but does no damage.
A kobold comes into view. It is wielding a dagger.
Firing (i - inventory. (,) - cycle):
d - 54 arrows (quivered)
Press: ? - help, Shift-Dir - straight line, f - kobold, p - orc priest
Aim: a kobold, wielding a dagger (hasn't noticed you)
You shoot an arrow. The arrow barely misses the orc priest.
The arrow hits the kobold!
You kill the kobold!
Okawaru accepts your kill. The orc priest hits you with a dagger.
A rat comes into view.
Firing (i - inventory. (,) - cycle):
d - 53 arrows (quivered)
Press: ? - help, Shift-Dir - straight line, f - rat
Aim: a rat (hasn't noticed you)
You shoot an arrow. The arrow hits the orc priest.
The orc priest is severely wounded.
The orc priest barely misses you.
Firing (i - inventory. (,) - cycle):
d - 52 arrows (quivered)
Press: ? - help, Shift-Dir - straight line, f/p - rat
Aim: a rat You shoot an arrow.
The arrow hits the orc priest.
The orc priest is almost dead.
The orc priest hits you with a dagger.
Firing (i - inventory. (,) - cycle):
d - 51 arrows (quivered)
Press: ? - help, Shift-Dir - straight line, f/p - rat
Aim: a rat You shoot an arrow.
The arrow closely misses the orc priest.
The arrow hits the rat.
You kill the rat!
Okawaru accepts your kill. The orc priest hits you with a dagger.
Firing (i - inventory. (,) - cycle):
d - 50 arrows (quivered)
Press: ? - help, Shift-Dir - straight line, f - orc priest
Aim: an orc priest, wielding a dagger and wearing a chain mail (almost dead)
You shoot an arrow.
The arrow hits the orc priest but does no damage.
The orc priest is almost dead.
The orc priest hits you but does no damage.
Firing (i - inventory. (,) - cycle):
d - 49 arrows (quivered)
Press: ? - help, Shift-Dir - straight line, f/p - orc priest
Aim: an orc priest, wielding a dagger and wearing a chain mail (almost dead)
You shoot an arrow.
The arrow closely misses the orc priest.
The orc priest calls down the wrath of Beogh upon you.
Pain shoots through your body!
* * * LOW HITPOINT WARNING * * *
Firing (i - inventory. (,) - cycle):
d - 48 arrows (quivered)
Press: ? - help, Shift-Dir - straight line, f/p - orc priest
Aim: an orc priest, wielding a dagger and wearing a chain mail (almost dead)
You shoot an arrow. The arrow barely misses the orc priest.
The orc priest calls down the wrath of Beogh upon you.
Beogh smites you!
Ouch! That really hurt!
You die...

..#.##.###.....#
..#........#...#
.......####....# '######
#.#### # †.## #.# ##
...## ##.# # ##. ...)##
##..# #.#..
.....####...#########(((
###..?.
.....'..........@o(((.(.
.......
.....####...#########.#.
#..o. ....## ##.## #.#..
...## #.# ##. ..## #.#
## +# #.# # #.#


You could see an orc priest.

Vanquished Creatures
  3 adders
  An ooze (D:3)
  An adder skeleton (D:3)
  A dart slug (D:1)
  4 leopard geckos
  3 orcs (D:2)
  3 bats (D:2)
  3 giant cockroaches
  9 goblins
  A hobgoblin (D:2)
  2 jackals (D:2)
  A frilled lizard (D:2)
  7 kobolds
  2 rats (D:3)
41 creatures vanquished.

Notes
Turn   | Place    | Note
-------+----------+-------------------------------------------
     0 | D:1      | tidbits the High Elf Wanderer began the quest for the Orb.
     0 | D:1      | tidbits set off with: a lamp of fire, a +0 ring mail, a +0 shortbow, 26 arrows, a bread ration
     0 | D:1      | Reached XP level 1. HP: 14/14 MP: 2/2
   195 | D:1      | Reached skill level 2 in Bows
   311 | D:1      | Reached XP level 2. HP: 7/19 MP: 3/3
   532 | D:2      | Reached skill level 3 in Bows
   567 | D:2      | Found an iron altar of Okawaru.
   575 | D:2      | Became a worshipper of Warmaster Okawaru
   627 | D:2      | Reached XP level 3. HP: 20/24 MP: 4/4
   709 | D:2      | HP: 1/24 [orc/falchion (6)]
   870 | D:2      | Reached skill level 4 in Bows
  1147 | D:3      | Reached XP level 4. HP: 25/29 MP: 5/5
  1162 | D:3      | Found a glowing silver altar of Zin.
  1339 | D:3      | Reached skill level 5 in Bows
  1382 | D:3      | Killed from afar by an orc priest

Skill      XL: |  1  2  3  4 |
---------------+-------------+-----
Bows           | 2 3 4 5 |  5.0
Fighting       | |  2.0
Long Blades    | |  2.4
Armour         | |  1.5
Dodging        | |  1.1
Stealth        | |  1.1
Shields        | |  1.0
Invocations    | |  0.4
Evocations     | |  1.0

Action                   |  1- 3 |  4- 6 || total
-------------------------+-------+-------++-------
 Fire: Shortbow          |    94 |    28 ||   122
Evoke: Lamp of fire      |     1 |       ||     1
  Use: Potion            |     5 |       ||     5
       Scroll            |     4 |       ||     4
  Eat: Chunk             |       |     1 ||     1
Armor: Gold dragon scale |    20 |       ||    20
       Ring mail         |    15 |       ||    15
Dodge: Dodged            |    31 |     4 ||    35

Table legend:
 A = Turns spent in this place as a percentage of turns spent in the entire game.
 B = Non-inter-level travel turns spent in this place as a percentage of non-inter-level travel turns spent in the entire game.
 C = Inter-level travel turns spent in this place as a percentage of turns spent in this place.
 D = Turns resting spent in this place as a percentage of non-inter-level travel turns spent in this place.
 E = Turns spent auto-exploring this place as a percentage of non-inter-level travel turns spent in this place.
 F = Non-inter-level travel turns spent in this place divided by the number of levels of this place that you've seen.
                   A       B       C       D       E      F
               +-------+-------+-------+-------+-------+----------------------
         Total | 100.0 | 100.0 |   0.1 |   0.0 |   0.0 | 292.0
       Dungeon | 100.0 | 100.0 |   0.1 |   0.0 |   0.0 | 292.0
               +-------+-------+-------+-------+-------+----------------------

Table legend:
 A = Kills in this place as a percentage of kills in entire the game.
 B = Kills by you in this place as a percentage of kills by you in the entire game.
 C = Kills by friends in this place as a percentage of kills by friends in the entire game.
 D = Other kills in this place as a percentage of other kills in the entire game.
 E = Experience gained in this place as a percentage of experience gained in the entire game.
 F = Experience gained in this place divided by the number of levels of this place that you have seen.
                   A       B       C       D       E      F
               +-------+-------+-------+-------+-------+----------------------
         Total | 100.0 | 100.0 |  -nan |  -nan | 100.0 |  31.0
       Dungeon | 100.0 | 100.0 |  -nan |  -nan | 100.0 |  31.0
               +-------+-------+-------+-------+-------+----------------------

Vault maps used:
D:1:      minmay_arrival_open_corners
D:2:      kennysheep_okawaru_gauntlet
D:3:      lemuel_coloured_pillars_altar
D:4:      lemuel_crystal_altar, overflow_temple_1_default, first_bread
